 Dungeon Crawl Stone Soup version 0.29-a0-911-g88e6f02907 (webtiles) character file.

Game seed: 16170999462176112971

9900 mcwallace the Thaumaturge (level 11, -14/63 (67) HPs)
             Began as a Deep Elf Ice Elementalist on July 26, 2022.
             Was a Follower of Ashenzari.
             Killed by the air
             ... invoked by Gastronok
              (23 damage)
             ... on level 1 of the Lair of Beasts.
             The game lasted 00:38:13 (16645 turns).

mcwallace the Thaumaturge (DEIE)                   Turns: 16645, Time: 00:38:13

HP:   -14/63 (67)   AC: 15    Str:  5    XL:     11   Next: 29%
MP:   0/28          EV: 16    Int: 28    God:    Ashenzari [*.....]
Gold: 1016          SH:  0    Dex: 18    Spells: 21/32 levels left

rFire   + . .      SeeInvis +   X - +0 long sword (vamp) {long}
rCold   + . .      Faith    .   (no shield)
rNeg    + . .      Spirit   +   d - +1 leather armour {rC+}
rPois   +          Reflect  .   (no helmet)
rElec   .          Harm     .   p - +0 cloak
rCorr   +          Rampage  .   m - +0 pair of fencer's gloves {Riposte Dex+3, Self, Fort} (curse)
Will    +....                   (no boots)
Stlth   ++........              j - amulet of guardian spirit
HPRegen 0.20/turn               Z - ring "Setsecw" {rF+ rN+ rCorr Int+3 SInv}
MPRegen 0.21/turn               A - ring "Clairvoyant Submission" {rPois, Evo, Comp} (curse)

@: ice-armoured, slowed, drained, very slow
A: no striking features
a: Renounce Religion, Curse Item, Shatter the Chains


You were on level 1 of the Lair of Beasts.
You worshipped Ashenzari.
Ashenzari was aware of your devotion.
You visited 3 branches of the dungeon, and saw 12 of its levels.

You collected 1016 gold pieces.


   Skills:
 + Level 6.4(7.2) Fighting
 - Level 4.8(5.6) Armour
 + Level 9.7 Dodging
 - Level 2.4 Stealth
 + Level 10.6(11.4) Spellcasting
 - Level 9.2 Ice Magic
 + Level 2.2 Air Magic
 - Level 6.8 Poison Magic


You had 21 spell levels left.
You knew the following spells:

 Your Spells              Type           Power      Damage    Failure   Level
a - Freeze                Ice            100%       1d11      1%          1
b - Frozen Ramparts       Ice            100%       1d12      1%          3
c - Ozocubu's Armour      Ice            61%        N/A       1%          3
d - Olgreb's Toxic Radia  Pois           52%        N/A       3%          4

Your spell library contained the following spells:

 Spells                   Type           Power      Damage    Failure   Level
 Sting                    Tmut/Pois      100%       1d8       1%          1
 Poisonous Vapours        Pois/Air       82%        N/A       1%          2
 Static Discharge         Conj/Air       22%        3-6/arc   4%          2
 Apportation              Tloc           32%        N/A       5%          1
 Necrotise                Necr           64%        1d7       5%          1
 Sandblast                Erth           32%        2d9       5%          1
 Slow                     Hex            64%        N/A       5%          1
 Summon Small Mammal      Summ           64%        N/A       5%          1
 Passwall                 Tmut/Erth      13%        N/A       9%          2
 Hailstorm                Conj/Ice       41%        3d10      9%          4
 Confusing Touch          Hex            16%        N/A       16%         3
 Stone Arrow              Conj/Erth      32%        3d9       16%         3
 Vampiric Draining        Necr           16%        2d7       16%         3
 Lightning Bolt           Conj/Air       11%        1d24      67%         5
 Maxwell's Capacitive Co  Air            14%        ∞         100%        8

Inventory:

Hand Weapons
 e - a +0 dagger of venom {short}
   (You took it off Ijyb on level 3 of the Dungeon)
 g - a +4 halberd of freezing {polearm}
   (You took it off a wight on level 10 of the Dungeon)
 X - a +0 vampiric long sword (weapon) {long}
   (You found it on level 5 of the Dungeon)
Missiles
 c - 216 stones {throwing}
 o - 6 javelins {throwing}
 v - 19 poisoned darts (quivered) {throwing}
 B - 2 throwing nets {=f!fthrowing}
 O - 4 silver javelins {throwing}
 U - 6 atropa-tipped darts {throwing}
Armour
 d - a +1 leather armour of cold resistance (worn)
   (You took it off Eustachio on level 6 of the Dungeon)
 m - the cursed +0 pair of fencer's gloves (worn) {Riposte Dex+3, Self, Fort}
   (You found it on level 6 of the Dungeon)

   It allows the wearer to riposte with melee weapons, swiftly retaliating
   against missed or blocked melee attacks.
   Dex:       It affects your dexterity (+3).
   It has a curse which improves the following skills: Introspection: Fighting
   and Spellcasting.
   Fortitude: Armour and Shields.
 p - a +0 cloak (worn)
   (You found it on level 6 of the Dungeon)
 P - a +0 troll leather armour
   (You found it on level 8 of the Dungeon)
 Q - a +0 leather armour
   (You took it off an orc on level 4 of the Dungeon)
 R - a +0 robe
   (You took it off an orc wizard on level 4 of the Dungeon)
Jewellery
 j - an amulet of guardian spirit (around neck)
   (You took it off a goblin on level 1 of the Dungeon)
 A - the cursed ring "Clairvoyant Submission" (right hand) {rPois, Evo, Comp}
   (You found it on level 8 of the Dungeon)

   [ring of poison resistance]

   rPois:     It protects you from poison.
   It has a curse which improves the following skills: Evocations: Evocations.
   Companions: Summonings and Necromancy.
 L - a +4 ring of evasion
   (You found it on level 4 of the Dungeon)
 Y - a ring of fire
   (You found it on level 5 of the Dungeon)
 Z - the ring "Setsecw" (left hand) {rF+ rN+ rCorr Int+3 SInv}
   (You acquired it on level 8 of the Dungeon)

   [ring of see invisible]

   Int:       It affects your intelligence (+3).
   rF:        It protects you from fire.
   rN:        It protects you from negative energy.
   SInv:      It lets you see invisible.
   rCorr:     It protects you from acid and corrosion.
Wands
 k - a wand of quicksilver (21)
   (You took it off Eustachio on level 6 of the Dungeon)
 q - a wand of iceblast (9)
   (You found it on level 8 of the Dungeon)
 G - a wand of charming (20)
   (You took it off Ijyb on level 3 of the Dungeon)
 J - a wand of digging (5)
   (You found it on level 3 of the Dungeon)
Scrolls
 a - 3 scrolls of immolation {!r!r}
 b - a scroll of poison
 f - 2 scrolls of teleportation {@r4}
 i - 4 scrolls of fear
 s - 2 scrolls of noise {!r}
 t - 2 scrolls of blinking {!r}
 u - a scroll of magic mapping {!r}
 x - 3 scrolls of amnesia
 K - a scroll of enchant weapon
 M - a scroll of silence {!r}
 T - 2 scrolls of vulnerability {!r!r}
 W - a scroll of torment {!r}
Potions
 h - 8 potions of curing {@q1}
 l - 3 potions of berserk rage {!q}
 n - 2 potions of invisibility
 r - 2 potions of attraction {!q}
 C - 2 potions of ambrosia
 D - 2 potions of heal wounds {@q2}
 E - 3 potions of brilliance
 F - a potion of lignification {!q}
 H - 2 potions of magic
 N - 3 potions of might
 S - a potion of degeneration {!q@e2}
 V - a potion of mutation {!q}

Dungeon Overview and Level Annotations

Branches:
Dungeon (10/15) Zot: 24904  Temple (1/1) D:5 Zot: 5892    Lair (1/5) D:10 Zot: 5982
    Orc: D:9-12

Altars:
Ashenzari
Cheibriados
Dithmenos
Elyvilon
Fedhas
Gozag
Hepliaklqana
Kikubaaqudgha
Makhleb
Nemelex Xobeh
Okawaru
Qazlal
Ru
Sif Muna
Trog
Uskayaw
Vehumet
Wu Jian
Xom
Yredelemnul
Zin
The Shining One

Annotations:
D:10 2 transporters, osoart's ghost, journeyman MiFi
Lair:1 Gastronok

.... . ... ..
... #. .. ##..
##.#+###. #....
#......(.
##....#...°°...
.......@B°.....
##....#........
#... #.##+P.##
.... ... ...
.w. ... . (.
..... . .....
.......


You could see Gastronok (swift, very poisoned) and a boulder beetle (extremely
poisoned).


Message History

There is a staircase back to the Dungeon here.
A water moccasin is nearby!
Casting: Ozocubu's Armour (safe; 1% risk of failure)
Confirm with . or Enter, or press ? or * to list all spells.
You begin to radiate toxic energy. 😎 MP[-4]
You lost 4 mp, and now have 24/28 mp.
Casting: Olgreb's Toxic Radiance (dangerous; 3% risk of failure)
Confirm with . or Enter, or press ? or * to list all spells.
A film of ice covers your body!
Your toxic aura wanes. 😎 MP[-3]
You lost 3 mp, and now have 21/28 mp.
What are your orders? t - Shout!
Orders for allies: a - Attack new target. r - Retreat! s - Stop attacking. g - Guard the area. f - Follow me.
Anything else - Cancel.
You shout for attention!
The water moccasin hisses angrily.
You hear a horrible gurgling sound!
Casting: Ozocubu's Armour (safe; 1% risk of failure)
Confirm with . or Enter, or press ? or * to list all spells.
Casting: Frozen Ramparts (safe; 1% risk of failure)
Press: ? - help, Dir - look around, f - activate A staircase back to the Dungeon.
The walls around you are covered in ice.
The wall freezes the water moccasin. 😎 MP[-3]
You lost 3 mp, and now have 18/28 mp.
You closely miss the water moccasin.
The wall freezes the water moccasin.
The water moccasin seems to slow down.
The water moccasin misses you.
The wall freezes the water moccasin!
The water moccasin bites you but does no damage. 😎 MP[+1]
You slash the water moccasin!
You kill the water moccasin!
Gastronok the Ponderous comes into view.
You now have 63 max hp (+1).
Casting: Frozen Ramparts (safe; 1% risk of failure)
Confirm with . or Enter, or press ? or * to list all spells.
You begin to radiate toxic energy.
Gastronok is poisoned.
Gastronok looks even sicker. 😕 MP[-4]
You lost 4 mp, and now have 15/28 mp.
Throw: 23 darts (poison) {throwing}
Press: ? - help, Q - select action, (/) - cycle Shift-Dir - straight line, f - Gastronok
Aim: Gastronok, wearing a +2 hat (lightly wounded, very poisoned, 94% to hit)
You throw a poisoned dart {throwing}.
The poisoned dart {throwing} hits Gastronok.
Gastronok glows a brilliant shade of cerise.
Gastronok looks even sicker.
Your toxic aura wanes.
A boulder beetle comes into view. 😎 HP[+1] MP[+1]
Your hp is fully restored (63).
Casting: Olgreb's Toxic Radiance (dangerous; 3% risk of failure)
Confirm with . or Enter, or press ? or * to list all spells.
You begin to radiate toxic energy.
The boulder beetle is poisoned.
Gastronok looks as sick as possible!
The boulder beetle looks even sicker. 😎 MP[-4]
You lost 4 mp, and now have 12/28 mp.
Throw: 22 darts (poison) {throwing}
Press: ? - help, Q - select action, (/) - cycle Shift-Dir - straight line, f - boulder beetle, p - Gastronok
Aim: a boulder beetle (lightly wounded, very poisoned, 90% to hit)
You throw a poisoned dart {throwing}.
The poisoned dart {throwing} hits the boulder beetle.
The boulder beetle looks even sicker.
Gastronok looks as sick as possible!
The boulder beetle curls into a ball and begins rolling!
Throw: 21 darts (poison) {throwing}
Press: ? - help, Q - select action, (/) - cycle Shift-Dir - straight line, f/p - boulder beetle
Aim: a boulder beetle (lightly wounded, rolling, very poisoned, 90% to hit)
You throw a poisoned dart {throwing}.
The poisoned dart {throwing} hits the boulder beetle.
The boulder beetle looks as sick as possible!
Gastronok looks as sick as possible!
The boulder beetle looks as sick as possible!
Your toxic aura wanes.
Gastronok looks at you and mumbles some strange words.
You feel yourself slow down.
Throw: 20 darts (poison) {throwing}
Press: ? - help, Q - select action, (/) - cycle Shift-Dir - straight line, f/p - boulder beetle
Aim: a boulder beetle (moderately wounded, rolling, extremely poisoned, 90% to hit)
You throw a poisoned dart {throwing}.
The poisoned dart {throwing} hits the boulder beetle.
The boulder beetle looks as sick as possible!
Gastronok's eyestalks quiver as he mumbles some strange words.
Gastronok puts on a burst of speed! 😎 MP[+1]
You hit the boulder beetle but do no damage.
The frozen ramparts melt away.
The boulder beetle hits you!!!
Ouch! That really hurt!
* * * LOW HITPOINT WARNING * * *
The boulder beetle stops rolling and uncurls.
The boulder beetle bites you!
* * * LOW HITPOINT WARNING * * *
Gastronok waves his eye-stalks in wide circles.
The air twists around and strikes you!!
You die...

Skill      XL: |  1  2  3  4  5  6  7  8  9 10 11 |
---------------+----------------------------------+-----
Fighting       | 1 2 3 4 6 |  6.4
Armour         | 1 2 3 4 |  4.8
Dodging        | 3 4 5 6 7 9 |  9.7
Spellcasting   | 4 5 6 7 8 10 | 10.6
Ice Magic      | 5 6 7 8 9 |  9.2
Poison Magic   | 1 3 5 6 |  6.8
Air Magic      | 2 |  2.2
Stealth        | |  2.4

Action                   |  1- 3 |  4- 6 |  7- 9 | 10-12 || total
-------------------------+-------+-------+-------+-------++-------
Melee: Unarmed           |     2 |       |       |       ||     2
       Club              |     8 |       |       |       ||     8
       Spear             |       |    69 |     3 |       ||    72
       Short sword       |       |     2 |       |       ||     2
       Dagger            |       |    90 |       |       ||    90
       Halberd           |       |    12 |       |       ||    12
       Punch             |       |     1 |     4 |     1 ||     6
       Trident           |       |       |    56 |       ||    56
       Long sword        |       |       |   152 |   144 ||   296
Throw: Stone             |     1 |       |       |       ||     1
       Dart              |     5 |       |     7 |     4 ||    16
 Cast: Freeze            |    43 |    16 |       |       ||    59
       Frozen Ramparts   |       |    24 |    28 |    22 ||    74
       Ozocubu's Armour  |       |       |    11 |    13 ||    24
       Olgreb's Toxic Ra |       |       |       |    26 ||    26
Invok: Curse Item        |       |       |     2 |     1 ||     3
       Shatter the Chain |       |       |     1 |       ||     1
  Use: Scroll            |       |     5 |       |     2 ||     7
       Potion            |       |     1 |     1 |       ||     2
 Stab: Sleeping          |     1 |     4 |     5 |     2 ||    12
       Distracted        |       |     1 |       |     1 ||     2
       Invisible         |       |       |     1 |       ||     1
Armor: Robe              |     5 |       |       |       ||     5
       Leather armour    |     2 |    48 |    38 |    60 ||   148
Dodge: Dodged            |    21 |   146 |   231 |   182 ||   580
       Rpst.: Long sword |       |       |    24 |    42 ||    66

Levels and vault maps discovered:
D:1:      dpeg_arrival_chambers_temple_mockup, layout_basic,
          nicolae_kite_square_tiling_tiny
D:2:      layout_rooms, minivault_27, fountainhead, chequers_garden,
          uniq_terence
D:3:      minmay_goblin_kobold_castle, layout_basic, nicolae_gozag_seed_capital,
          hellmonk_ecumenical_altar_crossroads, uniq_ijyb
D:4:      layout_basic, grunt_tough_drop
D:5:      layout_basic, temple_statues
D:6:      minmay_polygon_palace, layout_basic,
          mainiacjoe_overflow_surrounded_room,
          gammafunk_temple_overflow_elements, uniq_eustachio
D:7:      layout_layer_cave, nicolae_qazlal_general_emergency
D:8:      layout_basic, minmay_sticks_and_stones
D:9:      layout_loops_ring
D:10:     layout_roguey, kennysheep_mini, lair_entry_dummy,
          gammafunk_ghost_smash
Temple:   nicolae_temple_x_marks_the_god
Lair:1:   layout_regular_city, uniq_grum, uniq_gastronok

Notes
Turn   | Place    | Note
-------+----------+-------------------------------------------
     0 | D:1      | mcwallace the Deep Elf Ice Elementalist began the quest for
                  | the Orb.
     0 | D:1      | Reached XP level 1. HP: 10/10 MP: 6/6
     0 | D:1      | magus.rc [v1.9.6]
   590 | D:1      | Reached XP level 2. HP: 16/16 MP: 6/8
   900 | D:1      | You add the spells Sting, Poisonous Vapours and Olgreb's
                  | Toxic Radiance to your library.
  1598 | D:2      | Reached XP level 3. HP: 19/20 MP: 2/9
  1729 | D:2      | Noticed Terence
  1736 | D:2      | Killed Terence
  1737 | D:2      | Reached skill level 1 in Fighting
  1737 | D:2      | Reached skill level 1 in Armour
  1737 | D:2      | Reached skill level 3 in Dodging
  1942 | D:2      | Reached XP level 4. HP: 21/25 MP: 6/11
  1946 | D:2      | Learned a level 3 spell: Frozen Ramparts
  2136 | D:2      | HP: 5/25 [gnoll/+0 flail (8)]
  2138 | D:2      | Reached skill level 4 in Spellcasting
  2712 | D:3      | Reached skill level 5 in Ice Magic
  2732 | D:3      | Reached XP level 5. HP: 23/29 MP: 4/13
  2958 | D:3      | Found a faded altar of an unknown god.
  3216 | D:3      | Noticed Ijyb
  3223 | D:3      | Killed Ijyb
  3382 | D:3      | Found an opulent altar of Gozag.
  3612 | D:3      | Reached skill level 4 in Dodging
  3924 | D:3      | Reached XP level 6. HP: 32/35 MP: 9/14
  4012 | D:3      | Reached skill level 2 in Fighting
  4187 | D:3      | Reached skill level 2 in Armour
  4440 | D:3      | HP: 6/35 [gnoll/+0 flail (4)]
  5398 | D:4      | Reached skill level 5 in Spellcasting
  5994 | D:4      | Reached XP level 7. HP: 40/40 MP: 11/16
  6552 | D:4      | Learned a level 3 spell: Ozocubu's Armour
  6604 | D:4      | Reached skill level 5 in Dodging
  6786 | D:5      | Entered Level 5 of the Dungeon
  6837 | D:5      | Reached skill level 6 in Ice Magic
  7522 | D:5      | Found a staircase to the Ecumenical Temple.
  7531 | Temple   | Entered the Ecumenical Temple
  7630 | Temple   | Became a worshipper of Ashenzari the Shackled
  7705 | D:5      | Reached skill level 3 in Fighting
  7705 | D:5      | Reached skill level 1 in Poison Magic
  7805 | D:5      | Reached skill level 3 in Armour
  7805 | D:5      | Reached skill level 6 in Spellcasting
  7806 | D:5      | Reached XP level 8. HP: 46/46 MP: 12/19
  8226 | D:5      | Reached skill level 2 in Poison Magic
  8758 | D:6      | Reached skill level 6 in Dodging
  8789 | D:6      | Reached skill level 7 in Spellcasting
  8789 | D:6      | Reached skill level 3 in Poison Magic
  8906 | D:6      | Reached skill level 7 in Ice Magic
  9080 | D:6      | Noticed Eustachio
  9101 | D:6      | Killed Eustachio
  9102 | D:6      | Reached skill level 4 in Fighting
  9102 | D:6      | Reached skill level 4 in Armour
  9102 | D:6      | Reached XP level 9. HP: 18/52 MP: 2/21
  9408 | D:6      | Found the +0 pair of fencer's gloves {Riposte Dex+3}
  9978 | D:6      | Found a snail-covered altar of Cheibriados.
  9978 | D:6      | Found an ancient bone altar of Kikubaaqudgha.
 10002 | D:6      | Found a hide-covered altar of Uskayaw.
 10155 | D:6      | Reached skill level 7 in Dodging
 10228 | D:6      | Reached skill level 4 in Poison Magic
 10511 | D:6      | Reached skill level 8 in Spellcasting
 11183 | D:7      | You pick up a book of Debilitation and begin reading...
 11183 | D:7      | You add the spells Slow, Vampiric Draining and Confusing
                  | Touch to your library.
 11193 | D:7      | Learned a level 4 spell: Olgreb's Toxic Radiance
 11194 | D:7      | Found a stormy altar of Qazlal.
 11309 | D:7      | Reached skill level 8 in Ice Magic
 11476 | D:7      | Reached skill level 5 in Poison Magic
 11581 | D:7      | Reached XP level 10. HP: 55/59 MP: 21/25
 12264 | D:8      | Reached skill level 5 in Fighting
 12404 | D:8      | Reached skill level 8 in Dodging
 12554 | D:8      | You pick up a book of Cantrips and begin reading...
 12554 | D:8      | You add the spells Necrotise, Summon Small Mammal and
                  | Apportation to your library.
 12559 | D:8      | You pick up a book of Geomancy and begin reading...
 12559 | D:8      | You add the spells Sandblast, Passwall and Stone Arrow to
                  | your library.
 13017 | D:8      | Reached * piety under Ashenzari
 13017 | D:8      | Identified a scroll of acquirement
 13018 | D:8      | Acquired the ring "Setsecw" {rF+ rN+ rCorr Int+3 SInv}
 13066 | D:8      | Reached skill level 9 in Spellcasting
 13264 | D:8      | Noticed Joseph
 13291 | D:8      | Killed Joseph
 13292 | D:8      | Reached skill level 6 in Poison Magic
 13990 | D:9      | Reached skill level 9 in Dodging
 13990 | D:9      | Reached skill level 9 in Ice Magic
 14557 | D:10     | Entered Level 10 of the Dungeon
 14896 | D:10     | Reached skill level 10 in Spellcasting
 14897 | D:10     | Reached skill level 6 in Fighting
 14897 | D:10     | Reached XP level 11. HP: 58/66 MP: 9/27
 15127 | D:10     | You pick up a book of Lightning and begin reading...
 15127 | D:10     | You add the spells Static Discharge, Lightning Bolt and
                  | Maxwell's Capacitive Coupling to your library.
 15128 | D:10     | Noticed a centaur warrior
 15140 | D:10     | Killed a centaur warrior
 15141 | D:10     | Reached skill level 1 in Air Magic
 15340 | D:10     | Found a glowing golden altar of the Shining One.
 15545 | D:10     | Found a transporter.
 15545 | D:10     | Noticed a two-headed ogre
 15545 | D:10     | Noticed osoart's ghost (journeyman MiFi)
 15546 | D:10     | Noticed a two-headed ogre
 15547 | D:10     | Identified the +4 dire flail "Sih Muwo" {freeze, Str+3}
 15547 | D:10     | Noticed a two-headed ogre
 15548 | D:10     | Found a transporter.
 15690 | D:10     | Noticed a two-headed ogre
 15696 | D:10     | Killed a two-headed ogre
 15697 | D:10     | Reached skill level 2 in Air Magic
 16026 | D:10     | Found a staircase to the Lair.
 16631 | Lair:1   | Entered Level 1 of the Lair of Beasts
 16637 | Lair:1   | Noticed Gastronok
 16640 | Lair:1   | Noticed a boulder beetle
 16645 | Lair:1   | HP: 9/63 [boulder beetle (8)]
 16645 | Lair:1   | Killed from afar by Gastronok

Vanquished Creatures
  A two-headed ogre (D:10)
  A centaur warrior (D:10)
  Joseph (D:8)
  A kobold demonologist (D:10)
  2 trolls
  A wraith (D:10)
  15 yaks
  Eustachio (D:6)
  5 steam dragons
  An acid dragon (D:8)
  3 water moccasins
  An orc warrior (D:6)
  An ice beast (D:8)
  3 ogres
  2 black bears
  3 centaurs
  3 phantoms
  3 kobold brigands
  4 scorpions
  3 bullfrogs
  4 necrophages
  12 wights
  7 killer bees (D:9)
  3 howler monkeys
  3 jellies
  3 orc priests
  2 hounds
  2 gnoll boudas
  Ijyb (D:3)
  5 iguanas
  Terence (D:2)
  11 orc wizards
  24 gnolls
  8 adders
  A shadow imp (D:7)
  A white imp (D:5)
  2 dart slugs
  25 orcs
  7 ball pythons
  3 bats
  9 endoplasms
  5 giant cockroaches
  12 hobgoblins
  10 jackals
  54 kobolds
  4 quokkas
  2 frilled lizards
  10 goblins
  A rat (D:1)
287 creatures vanquished.

Table legend:
 A = Non-vault XP
 B = Vault XP
 C = Vault XP percentage of total XP
 D = Non-vault monster count
 E = Vault monster count
 F = Vault count percentage of total count
                 A         B        C        D         E       F
            +---------+---------+-------+---------+---------+-------
      Total |   11844 |    2300 |  16.3 |     209 |      78 |  27.2
            +---------+---------+-------+---------+---------+-------
        D:1 |      27 |       0 |   0.0 |      14 |       0 |   0.0
        D:2 |     114 |      36 |  24.0 |      21 |       1 |   4.5
        D:3 |     150 |     210 |  58.3 |      25 |      54 |  68.4
        D:4 |     400 |     103 |  20.5 |      23 |       6 |  20.7
        D:5 |     905 |       0 |   0.0 |      26 |       0 |   0.0
        D:6 |    1690 |    1476 |  46.6 |      17 |      16 |  48.5
        D:7 |     540 |       0 |   0.0 |      11 |       0 |   0.0
        D:8 |    2513 |     475 |  15.9 |      27 |       1 |   3.6
        D:9 |    1245 |       0 |   0.0 |      27 |       0 |   0.0
       D:10 |    4107 |       0 |   0.0 |      17 |       0 |   0.0
     Lair:1 |     153 |       0 |   0.0 |       1 |       0 |   0.0
            +---------+---------+-------+---------+---------+-------

Illustrated notes

Table legend:
 A = Kills in this place as a percentage of kills in entire the game.
 B = Kills by you in this place as a percentage of kills by you in the entire game.
 C = Kills by friends in this place as a percentage of kills by friends in the entire game.
 D = Other kills in this place as a percentage of other kills in the entire game.
 E = Experience gained in this place as a percentage of experience gained in the entire game.
 F = Experience gained in this place divided by the number of levels of this place that you have seen.
                   A       B       C       D       E      F
               +-------+-------+-------+-------+-------+----------------------
         Total | 100.0 | 100.0 |   N/A |   N/A | 100.0 | 1178.7
       Dungeon |  99.7 |  99.7 |   N/A |   N/A |  98.9 | 1399.1
          Lair |   0.3 |   0.3 |   N/A |   N/A |   1.1 | 153.0
               +-------+-------+-------+-------+-------+----------------------

Table legend: (Time is in decaauts)
 A = Elapsed time spent in this place.
 B = Non-inter-level travel time spent in this place.
 C = Inter-level travel time spent in this place.
 D = Time resting spent in this place.
 E = Time spent auto-exploring this place.
 F = Levels seen in this place.
 G = Mean time per level.
                   A        B        C        D        E       F      G
               +--------+--------+--------+--------+--------+-----+--------+
         Total |  16802 |  15863 |    939 |    535 |  13010 |  12 | 1400.2 |
       Dungeon |  16679 |  15740 |    939 |    535 |  12989 |  10 | 1667.9 |
        Temple |    107 |    107 |      0 |      0 |     21 |   1 |  107.0 |
          Lair |     15 |     15 |      0 |      0 |      0 |   1 |   15.0 |
               +--------+--------+--------+--------+--------+-----+--------+

Top non-repeatable levels by time:
     D:3: 2857 daAuts
     D:6: 2341 daAuts
    D:10: 1908 daAuts
     D:5: 1868 daAuts
     D:1: 1449 daAuts
     D:4: 1309 daAuts
     D:8: 1301 daAuts
     D:7: 1279 daAuts
     D:2: 1204 daAuts
     D:9: 1159 daAuts
  Temple: 107 daAuts
  Lair:1: 15 daAuts
